 Dungeon Crawl Stone Soup version 0.29-a0-359-g541a27f54d (webtiles) character file.

Game seed: 10564216158916653961

7528 spiderkeys the Nimble (level 10, -9/96 HPs)
             Began as a Deep Dwarf Abyssal Knight on Apr 27, 2022.
             Was a High Priest of Lugonu.
             Killed from afar by an electric eel (13 damage)
             ... with a bolt of electricity
             ... on level 10 of the Dungeon.
             The game lasted 00:25:15 (8242 turns).

spiderkeys the Nimble (Deep Dwarf Abyssal Knight)   Turns: 8242, Time: 00:25:16

Health: -9/96      AC: 10    Str: 23    XL:     10   Next: 96%
Magic:  9/9        EV: 16    Int: 13    God:    Lugonu [*****.]
Gold:   560        SH:  0    Dex: 15    Spells: 9/9 levels left

rFire   . . .      SeeInvis .   b - +0 hand crossbow (venom)
rCold   . . .      Faith    +   (no shield)
rNeg    . . .      Spirit   .   v - +0 steam dragon scales
rPois   .          Reflect  .   q - +2 hat {Stlth+}
rElec   .          Harm     .   H - +0 cloak
rCorr   .          Rampage  .   I - +1 pair of gloves
Will    ++...                   (no boots)
Stlth   ++........              T - amulet of faith {!P}
HPRegen 0.00/turn               S - +6 ring of strength
MPRegen 0.11/turn               z - ring of willpower

@: no status effects
A: damage resistance, heal wounds, sense surroundings 2, no regeneration
a: Heal Wounds, Renounce Religion, Depart the Abyss, Bend Space, Banish,
Corrupt, Enter the Abyss


You were on level 10 of the Dungeon.
You worshipped Lugonu.
Lugonu was extremely pleased with you.
You visited 1 branch of the dungeon, and saw 10 of its levels.
You visited the Abyss 1 time.

You collected 617 gold pieces.
You spent 57 gold pieces at shops.


Innate Abilities, Weirdness & Mutations

You are resistant to damage.
You can heal yourself by infusing magical energy.
You passively map the area around you.
You do not regenerate.


   Skills:
 + Level 8.0 Fighting
 + Level 8.1 Axes
 - Level 7.0 Crossbows
 - Level 2.1 Armour
 + Level 9.2 Dodging
 + Level 8.9 Invocations
 - Level 5.0 Evocations


You had 9 spell levels left.
You didn't know any spells.
Your spell library contained the following spells:

 Spells                   Type           Power      Damage    Failure   Level
 Corpse Rot               Necr/Air       0%         N/A       43%         2
 Dispel Undead            Necr           0%         3d6       97%         4
 Summon Lightning Spire   Summ/Air       0%         N/A       97%         4
 Death Channel            Necr           0%         N/A       100%        6
 Malign Gateway           Summ/Tloc      0%         N/A       100%        7
 Storm Form               Tmut/Air       0%         N/A       100%        7
 Maxwell's Capacitive Co  Air            0%         ∞         100%        8
 Summon Horrible Things   Summ           0%         N/A       100%        8
 Chain Lightning          Conj/Air       0%         N/A       100%        9
 Fire Storm               Conj/Fire      0%         5d1       100%        9
 Shatter                  Erth           0%         3d5*      100%        9

Inventory:

Hand Weapons
 a - a +5 battleaxe
   (You took it off a wight on level 9 of the Dungeon)
 b - a +0 hand crossbow of venom (weapon)
   (You found it on level 4 of the Dungeon)
 l - a +3 vorpal hand axe
   (You found it on level 2 of the Dungeon)
 y - a +0 war axe
   (You found it on level 7 of the Dungeon)
Missiles
 c - 339 stones
 n - 5 atropa-tipped darts
 o - 6 curare-tipped darts {=f}
 s - 32 poisoned darts
 Y - 14 boomerangs
Armour
 q - a +2 hat of stealth (worn)
   (You found it on level 6 of the Dungeon)
 v - +0 steam dragon scales (worn)
   (You found it on level 6 of the Dungeon)
 H - a +0 cloak (worn)
   (You found it on level 7 of the Dungeon)
 I - a +1 pair of gloves (worn)
   (You found it on level 4 of the Dungeon)
 V - a +0 pair of boots
   (You found it on level 10 of the Dungeon)
Jewellery
 z - a ring of willpower (right hand)
   (You found it on level 3 of the Dungeon)
 C - a ring of ice
   (You found it on level 5 of the Dungeon)
 D - a +6 ring of dexterity
   (You found it on level 10 of the Dungeon)
 N - a ring of positive energy
   (You found it on level 1 of the Dungeon)
 S - a +6 ring of strength (left hand)
   (You found it on level 5 of the Dungeon)
 T - an amulet of faith (around neck) {!P}
   (You found it on level 5 of the Dungeon)
 Z - a ring of wizardry
   (You found it on level 4 of the Dungeon)
Wands
 g - a wand of digging (4)
   (You found it on level 10 of the Dungeon)
 E - a wand of acid (6)
   (You took it off a kobold brigand on level 6 of the Dungeon)
 L - a wand of paralysis (1)
   (You took it off Psyche on level 9 of the Dungeon)
 Q - a wand of iceblast (3)
   (You found it on level 5 of the Dungeon)
 R - a wand of polymorph (5)
   (You found it on level 9 of the Dungeon)
Scrolls
 h - 3 scrolls of fear
 k - 5 scrolls of vulnerability {!r!r}
 m - 3 scrolls of identify {@r1}
 p - 2 scrolls of magic mapping {!r}
 u - 6 scrolls of teleportation {@r4}
 J - 2 scrolls of noise {!r}
 M - a scroll of immolation {!r!r}
 P - 2 scrolls of amnesia
Potions
 d - a potion of attraction {unknown}
 e - 2 potions of heal wounds {@q2}
 f - a potion of cancellation {unknown}
 i - a potion of mutation {unknown}
 j - 3 potions of flight {unknown}
 r - 4 potions of brilliance {unknown}
 t - a potion of resistance {unknown}
 x - 6 potions of curing {unknown}
 F - a potion of might {unknown}
 K - 2 potions of degeneration {unknown}
 U - 3 potions of lignification {unknown}
Miscellaneous
 X - a phial of floods
   (You found it on level 9 of the Dungeon)

Dungeon Overview and Level Annotations

Branches:
Dungeon (10/15)            Temple (0/1) D:6            Lair (0/6) D:8
    Orc: D:9-12

Altars:
Ashenzari
Elyvilon
Fedhas
Kikubaaqudgha
Makhleb
Nemelex Xobeh
Qazlal
Sif Muna
Trog
Uskayaw
Xom
Zin

Shops:
D:2 ( D:6

* , ,, , * ***
,,........... , ,
.............. , ,
** #.......#.##..
, , ,*, *
#.##.#..#.##.. , ,
, , #.##.#..#.....
,,* , * *
###.##.#..####.# *
* ,
##≈..##.#..####.#
,
##...P≈...........
, ,,
#@P≈.≈.≈P..####...
* * *#.≈≈≈♣≈≈≈.≈.#
#[.. #≈≈≈♣♣♣♣♣≈..#
#... #P≈≈♣ ♣≈≈.##
#... #..♣♣♣♣♣≈≈.#
#..# #≈†S♣♣P≈≈≈##
###..# ##≈..≈≈≈≈.#
#.....
##...PP≈.####.....
#....P..........


You could see an electric eel (very poisoned).


Message History

Shoot: b) +0 hand crossbow (venom)
Press: ? - help, Q - select action, (/) - cycle Shift-Dir - straight line, f/p - electric eel
Aim: an electric eel (severely wounded, very poisoned, 52% to hit)
You shoot a bolt. The bolt hits the electric eel.
The electric eel shoots out a bolt of lightning at you!
The bolt of electricity hits you.
Shoot: b) +0 hand crossbow (venom)
Press: ? - help, Q - select action, (/) - cycle Shift-Dir - straight line, f/p - electric eel
Aim: an electric eel (almost dead, very poisoned, 52% to hit)
You shoot a bolt.
The bolt hits the electric eel but does no damage.
The electric eel looks as sick as possible!
You kill the electric eel!
Lugonu accepts your kill.
You enter the shallow water.
Moving in this stuff is going to be slow.
The electric eel shoots out a bolt of lightning at you!
The bolt of electricity hits you.
* * * LOW HITPOINT WARNING * * *
😨 HP[-1]
You take 1 damage, and now have 45/96 hp.
Shoot: b) +0 hand crossbow (venom)
Press: ? - help, Q - select action, (/) - cycle Shift-Dir - straight line, f - electric eel
Aim: an electric eel (52% to hit)
You shoot a bolt.
The bolt closely misses the electric eel.
Shoot: b) +0 hand crossbow (venom)
Press: ? - help, Q - select action, (/) - cycle Shift-Dir - straight line, f/p - electric eel
Aim: an electric eel (52% to hit)
You shoot a bolt. The bolt hits the electric eel.
The electric eel shoots out a bolt of lightning at you!
The bolt of electricity hits you!
* * * LOW HITPOINT WARNING * * *
😨 HP[-5]
You take 5 damage, and now have 40/96 hp.
Shoot: b) +0 hand crossbow (venom)
Press: ? - help, Q - select action, (/) - cycle Shift-Dir - straight line, f/p - electric eel
Aim: an electric eel (lightly wounded, 52% to hit)
You shoot a bolt.
The bolt closely misses the electric eel.
The electric eel shoots out a bolt of lightning at you!
The bolt of electricity hits you.
* * * LOW HITPOINT WARNING * * *
😨 HP[-4]
You take 4 damage, and now have 36/96 hp.
Shoot: b) +0 hand crossbow (venom)
Press: ? - help, Q - select action, (/) - cycle Shift-Dir - straight line, f/p - electric eel
Aim: an electric eel (lightly wounded, 52% to hit)
You shoot a bolt.
The bolt barely misses the electric eel.
Shoot: b) +0 hand crossbow (venom)
Press: ? - help, Q - select action, (/) - cycle Shift-Dir - straight line, f - electric eel
Aim: an electric eel (52% to hit)
You shoot a bolt. The bolt hits the electric eel!
The electric eel shoots out a bolt of lightning at you!
The bolt of electricity hits you.
* * * LOW HITPOINT WARNING * * *
😨 HP[-3]
You take 3 damage, and now have 33/96 hp.
Shoot: b) +0 hand crossbow (venom)
Press: ? - help, Q - select action, (/) - cycle Shift-Dir - straight line, f/p - electric eel
Aim: an electric eel (heavily wounded, 52% to hit)
You shoot a bolt. The bolt hits the electric eel!
You kill the electric eel!
Lugonu accepts your kill.
You hear a splash.
The electric eel shoots out a bolt of lightning at you!
The bolt of electricity misses you.
Shoot: b) +0 hand crossbow (venom)
Press: ? - help, Q - select action, (/) - cycle Shift-Dir - straight line, f - electric eel
Aim: an electric eel (lightly wounded, 52% to hit)
You shoot a bolt.
The bolt barely misses the electric eel.
The electric eel shoots out a bolt of lightning at you!
The bolt of electricity hits you!
* * * LOW HITPOINT WARNING * * *
The bolt of electricity hits you.
* * * LOW HITPOINT WARNING * * *
😱 HP[-11]
You take 11 damage, and now have 22/96 hp.
Shoot: b) +0 hand crossbow (venom)
Press: ? - help, Q - select action, (/) - cycle Shift-Dir - straight line, f/p - electric eel
Aim: an electric eel (lightly wounded, 52% to hit)
You shoot a bolt.
The bolt barely misses the electric eel.
The electric eel shoots out a bolt of lightning at you!
The bolt of electricity hits you!
* * * LOW HITPOINT WARNING * * *
The bolt of electricity misses you. 😱 HP[-6]
You take 6 damage, and now have 16/96 hp.
Shoot: b) +0 hand crossbow (venom)
Press: ? - help, Q - select action, (/) - cycle Shift-Dir - straight line, f/p - electric eel
Aim: an electric eel (lightly wounded, 52% to hit)
You shoot a bolt. The bolt hits the electric eel!
The electric eel is poisoned.
The electric eel shoots out a bolt of lightning at you!
The bolt of electricity hits you!
* * * LOW HITPOINT WARNING * * *
The bolt of electricity hits you!
You die...

Skill      XL: |  1  2  3  4  5  6  7  8  9 10 |
---------------+-------------------------------+-----
Fighting       | 3 4 5 6 8 |  8.0
Invocations    | 3 4 6 8 |  8.9
Axes           | 3 4 5 6 8 |  8.1
Crossbows      | 1 2 3 4 5 6 7 |  7.0
Dodging        | 2 3 4 6 7 9 |  9.2
Evocations     | 4 5 |  5.0
Armour         | |  2.1

Action                   |  1- 3 |  4- 6 |  7- 9 | 10-12 || total
-------------------------+-------+-------+-------+-------++-------
Melee: Hand axe          |    17 |    48 |   219 |       ||   284
       Punch             |       |       |     4 |       ||     4
       War axe           |       |       |    51 |       ||    51
       Battleaxe         |       |       |    27 |    94 ||   121
 Fire: Hand crossbow     |    40 |    66 |   149 |    50 ||   305
Throw: Stone             |    17 |       |     4 |     2 ||    23
       Dart              |     4 |       |     3 |       ||     7
       Boomerang         |       |       |     1 |       ||     1
Invok: Banish            |       |     1 |     1 |     3 ||     5
 Abil: Heal Wounds       |       |     2 |    15 |     6 ||    23
Evoke: Wand              |       |       |     2 |       ||     2
  Use: Scroll            |       |       |    13 |     1 ||    14
 Stab: Sleeping          |       |       |     1 |       ||     1
Armor: Leather armour    |    11 |     5 |       |       ||    16
       Ring mail         |       |     8 |    47 |       ||    55
       Steam dragon scal |       |       |    61 |    45 ||   106
Dodge: Dodged            |    17 |    25 |   254 |   112 ||   408

Levels and vault maps discovered:
D:1:      shiori_arrival_whats_in_store_for_you, layout_rooms,
          roderic_nine_men_s_morris
D:2:      layout_loops_ring, shapermc_ecumenical_altar_mp_vishouse,
          serial_shops, nicolae_shop_bloodbath_and_beyond,
          kennysheep_small_spiral, serial_bayou_pond_d,
          chequers_serial_rivers_micro_a, minmay_misc_feat_rows, uniq_sigmund
D:3:      layout_rooms, mainiacjoe_overflow_24_doors,
          mainiacjoe_overflow_chevrons, fedhas_altar_2, serial_rivers,
          chequers_serial_rivers_micro_c, chequers_serial_rivers_micro_d,
          chequers_serial_rivers_small_b, chequers_serial_rivers_room_a,
          chequers_serial_rivers_micro_d, minmay_randomly_rotated_circles,
          uniq_jessica
D:4:      layout_layer_cave, marbit_many_paths
D:5:      layout_basic, serial_glass, glass_columns_a, glass_columns_a
D:6:      minmay_opposing_rooms, layout_basic, minmay_temple_entry_purple_smoke,
          serial_shops, nicolae_shop_hallway_plus, minmay_ruined_shrine,
          uniq_eustachio
D:7:      layout_rooms, mainiacjoe_overflow_tiny_flanked
D:8:      layout_rooms, xom_shifter_show, dancing_weapons_uskayaw,
          general_overflow_altar, lair_entry_dummy
D:9:      layout_basic, nemelex_altar_shiori, nicolae_qazlal_scattered_showers,
          uniq_psyche, uniq_erica
D:10:     layout_loops_cross, lemuel_zombie_altar_kikubaaqudgha,
          lemuel_tele_altar, serial_bayou, serial_bayou_shore_b,
          serial_bayou_pond_c, serial_bayou_ford_a

Notes
Turn   | Place    | Note
-------+----------+-------------------------------------------
     0 | Abyss:1  | spiderkeys the Deep Dwarf Abyssal Knight began the quest
                  | for the Orb.
     0 | Abyss:1  | Reached XP level 1. HP: 20/20 MP: 2/2
     0 | Abyss:1  | magus.rc [v1.11.3]
    37 | Abyss:1  | Found a corrupted altar of Lugonu.
    48 | D:1      | You pass through the gate.
    48 | D:1      | Escaped the Abyss
    52 | D:1      | Noticed a draconian
    56 | D:1      | Noticed a naga
    67 | D:1      | Noticed a demonspawn
    71 | D:1      | Noticed a formicid
   339 | D:1      | Reached XP level 2. HP: 24/27 MP: 4/4
   472 | D:1      | You pick up a book of Annihilations and begin reading...
   472 | D:1      | You add the spells Chain Lightning, Fire Storm and Shatter
                  | to your library.
   595 | D:2      | You fall into a shaft and drop 2 floors!
   635 | D:3      | Found a blossoming altar of Fedhas.
   716 | D:2      | Found Cuutua's Weapon Shoppe.
   723 | D:2      | Bought 4 curare-tipped darts for 33 gold pieces
   829 | D:2      | Found a faded altar of an unknown god.
   877 | D:2      | Reached skill level 3 in Fighting
   877 | D:2      | Reached skill level 3 in Invocations
   880 | D:2      | Reached *** piety under Lugonu
   900 | D:2      | Reached XP level 3. HP: 25/34 MP: 5/5
   916 | D:2      | Noticed Sigmund
   923 | D:2      | Killed Sigmund
   924 | D:2      | Reached skill level 3 in Axes
   924 | D:2      | Reached skill level 1 in Crossbows
   924 | D:2      | Reached skill level 2 in Dodging
   924 | D:2      | Reached XP level 4. HP: 31/42 MP: 6/6
   924 | D:2      | Reached XP level 5. HP: 36/49 MP: 7/7
  1341 | D:3      | Identified the +0 ring mail of Ogufil {Stlth+}
  1347 | D:3      | Found a glowing silver altar of Zin.
  1418 | D:3      | Noticed a water moccasin
  1422 | D:3      | Banished a water moccasin
  1423 | D:3      | Reached skill level 4 in Axes
  1423 | D:3      | Reached skill level 2 in Crossbows
  1423 | D:3      | Reached skill level 3 in Dodging
  1423 | D:3      | Reached skill level 4 in Invocations
  1423 | D:3      | Reached XP level 6. HP: 55/57 MP: 3/9
  1667 | D:3      | Found a broken altar of Ashenzari.
  1719 | D:3      | Noticed Jessica
  1724 | D:3      | Killed Jessica
  2066 | D:3      | You pick up a book of Decay and begin reading...
  2066 | D:3      | You add the spells Corpse Rot, Dispel Undead and Death
                  | Channel to your library.
  2403 | D:4      | Reached skill level 4 in Fighting
  2423 | D:4      | Reached skill level 3 in Crossbows
  2492 | D:4      | Reached XP level 7. HP: 49/64 MP: 9/9
  2509 | D:4      | Reached skill level 4 in Dodging
  3184 | D:4      | Found a shimmering blue altar of Sif Muna.
  3363 | D:5      | Entered Level 5 of the Dungeon
  3381 | D:5      | Reached skill level 5 in Axes
  3439 | D:5      | Reached skill level 4 in Crossbows
  3750 | D:5      | HP: 13/66 [iguana (6)]
  3751 | D:5      | HP: 2/66 [iguana (11)]
  3752 | D:5      | Reached **** piety under Lugonu
  3753 | D:5      | Reached XP level 8. HP: 2/73 MP: 10/10
  3974 | D:5      | Reached skill level 5 in Dodging
  4012 | D:5      | Reached skill level 5 in Fighting
  4097 | D:6      | Reached skill level 1 in Evocations
  4552 | D:6      | Reached skill level 2 in Evocations
  4592 | D:6      | HP: 5/74 [something/ball of steam (17)]
  4605 | D:6      | HP: 7/74 [steam dragon/ball of steam (16)]
  4610 | D:6      | HP: 5/74 [something (7)]
  4611 | D:6      | Reached skill level 6 in Axes
  4611 | D:6      | Reached skill level 5 in Crossbows
  4620 | D:6      | Reached skill level 3 in Evocations
  4623 | D:6      | Reached skill level 6 in Dodging
  4764 | D:6      | Found a white marble altar of Elyvilon.
  4864 | D:6      | Found a staircase to the Ecumenical Temple.
  4948 | D:6      | Found Qiettor's General Store.
  4955 | D:6      | Bought a scroll of identify for 24 gold pieces
  5064 | D:6      | Noticed Eustachio
  5083 | D:6      | Killed Eustachio
  5084 | D:6      | Reached skill level 4 in Evocations
  5084 | D:6      | Gained mutation: You passively map the area around you.
                  | [Deep Dwarf growth]
  5084 | D:6      | Reached XP level 9. HP: 31/82 MP: 9/9
  5216 | D:6      | HP: 17/82 [asphyx]
  5218 | D:6      | HP: 4/82 [asphyx]
  5483 | D:6      | Reached skill level 6 in Fighting
  5664 | D:7      | Reached ***** piety under Lugonu
  5668 | D:7      | Reached skill level 5 in Invocations
  5788 | D:7      | Reached skill level 5 in Evocations
  5997 | D:7      | You pick up a book of the Sky and begin reading...
  5997 | D:7      | You add the spells Summon Lightning Spire, Storm Form and
                  | Maxwell's Capacitive Coupling to your library.
  6018 | D:7      | Reached skill level 7 in Dodging
  6065 | D:7      | Found a burning altar of Makhleb.
  6077 | D:7      | Reached skill level 6 in Crossbows
  6215 | D:8      | Reached skill level 6 in Invocations
  6239 | D:8      | Found a shimmering altar of Xom.
  6315 | D:8      | Found a shimmering altar of Xom.
  6318 | D:8      | Found a bloodstained altar of Trog.
  6337 | D:8      | Found a staircase to the Lair.
  6357 | D:8      | Noticed a +0 hand axe
  6357 | D:8      | Noticed a +0 hand axe
  6361 | D:8      | Found a hide-covered altar of Uskayaw.
  6417 | D:8      | You add the spells Malign Gateway and Summon Horrible
                  | Things to your library.
  6640 | D:8      | Found a shimmering altar of Xom.
  6640 | D:8      | Found a shimmering altar of Xom.
  6640 | D:8      | Found a shimmering altar of Xom.
  6648 | D:8      | Noticed an elephant
  6649 | D:8      | Found a shimmering altar of Xom.
  6676 | D:8      | Noticed a sea snake
  6808 | D:9      | HP: 21/85 [centaur/arrow (7)]
  6861 | D:9      | Reached XP level 10. HP: 62/92 MP: 6/8
  6889 | D:9      | Noticed Psyche
  6900 | D:9      | Killed Psyche
  6901 | D:9      | Reached skill level 7 in Fighting
  6979 | D:9      | Found a sparkling altar of Nemelex Xobeh.
  7093 | D:9      | Reached skill level 8 in Dodging
  7097 | D:9      | Reached skill level 7 in Crossbows
  7097 | D:9      | Reached skill level 7 in Invocations
  7106 | D:9      | Found a stormy altar of Qazlal.
  7176 | D:9      | Noticed Erica
  7186 | D:9      | HP: 22/94 [Erica/+3 scimitar of flaming (7)]
  7189 | D:9      | Killed Erica
  7190 | D:9      | Reached skill level 7 in Axes
  7546 | D:10     | Entered Level 10 of the Dungeon
  7548 | D:10     | Noticed a two-headed ogre
  7552 | D:10     | Banished a two-headed ogre
  7553 | D:10     | Reached skill level 8 in Invocations
  8032 | D:10     | Noticed a two-headed ogre
  8033 | D:10     | Banished a two-headed ogre
  8034 | D:10     | Reached skill level 8 in Fighting
  8034 | D:10     | Reached skill level 8 in Axes
  8034 | D:10     | Reached skill level 9 in Dodging
  8163 | D:10     | Found an ancient bone altar of Kikubaaqudgha.
  8240 | D:10     | HP: 22/96 [electric eel/bolt of electricity (5)]
  8242 | D:10     | HP: 4/96 [electric eel/bolt of electricity (12)]
  8242 | D:10     | Killed from afar by an electric eel

Vanquished Creatures
  Erica (D:9)
  Psyche (D:9)
  Sigmund (D:2)
  A wraith (D:9)
  A wyvern (D:9)
  Eustachio (D:6)
  2 steam dragons
  An acid dragon (D:10)
  2 orc warriors (D:9)
  3 sky beasts
  A centaur (D:9)
  5 phantoms
  6 kobold brigands
  5 scorpions
  5 bullfrogs
  A necrophage (D:6)
  A gnoll sergeant (D:9)
  8 wights
  10 killer bees
  3 howler monkeys
  3 electric eels (D:10)
  8 hounds
  2 orc priests (D:9)
  9 iguanas
  Jessica (D:3)
  5 orc wizards
  9 gnolls
  9 adders
  2 shadow imps
  A white imp (D:6)
  3 ufetubi
  A worm (D:3)
  2 dart slugs
  27 orcs
  5 endoplasms
  9 goblins
  4 hobgoblins
  6 jackals
  19 kobolds
  2 quokkas
  4 ball pythons
  5 bats
  A frilled lizard (D:2)
  4 rats
  A rat zombie (D:10)
201 creatures vanquished.

Vanquished Creatures (others)
  An adder (D:6)
  2 kobolds (D:9)
  18 plants (D:10)
21 creatures vanquished.

Grand Total: 222 creatures vanquished

Table legend:
 A = Non-vault XP
 B = Vault XP
 C = Vault XP percentage of total XP
 D = Non-vault monster count
 E = Vault monster count
 F = Vault count percentage of total count
                 A         B        C        D         E       F
            +---------+---------+-------+---------+---------+-------
      Total |    8142 |    2613 |  24.3 |     178 |      29 |  14.0
            +---------+---------+-------+---------+---------+-------
        D:1 |      17 |       0 |   0.0 |      10 |       0 |   0.0
        D:2 |      23 |     226 |  90.8 |      14 |       1 |   6.7
        D:3 |     184 |      73 |  28.4 |      11 |       7 |  38.9
        D:4 |     434 |     105 |  19.5 |      21 |       1 |   4.5
        D:5 |     521 |       0 |   0.0 |      17 |       0 |   0.0
        D:6 |     991 |     982 |  49.8 |      23 |      17 |  42.5
        D:7 |     770 |       0 |   0.0 |      14 |       0 |   0.0
        D:8 |     434 |       0 |   0.0 |      10 |       0 |   0.0
        D:9 |    2049 |    1226 |  37.4 |      35 |       2 |   5.4
       D:10 |    2719 |       1 |   0.0 |      23 |       1 |   4.2
            +---------+---------+-------+---------+---------+-------

Illustrated notes

Table legend:
 A = Kills in this place as a percentage of kills in entire the game.
 B = Kills by you in this place as a percentage of kills by you in the entire game.
 C = Kills by friends in this place as a percentage of kills by friends in the entire game.
 D = Other kills in this place as a percentage of other kills in the entire game.
 E = Experience gained in this place as a percentage of experience gained in the entire game.
 F = Experience gained in this place divided by the number of levels of this place that you have seen.
                   A       B       C       D       E      F
               +-------+-------+-------+-------+-------+----------------------
         Total | 100.0 | 100.0 |   N/A | 100.0 | 100.0 | 977.7
       Dungeon | 100.0 | 100.0 |   N/A | 100.0 | 100.0 | 1075.5
               +-------+-------+-------+-------+-------+----------------------

Table legend: (Time is in decaauts)
 A = Elapsed time spent in this place.
 B = Non-inter-level travel time spent in this place.
 C = Inter-level travel time spent in this place.
 D = Time resting spent in this place.
 E = Time spent auto-exploring this place.
 F = Levels seen in this place.
 G = Mean time per level.
                   A        B        C        D        E       F      G
               +--------+--------+--------+--------+--------+-----+--------+
         Total |   8389 |   8087 |    302 |    717 |   5337 |  11 |  762.6 |
       Dungeon |   8341 |   8039 |    302 |    717 |   5300 |  10 |  834.1 |
         Abyss |     48 |     48 |      0 |      0 |     37 |   1 |   48.0 |
               +--------+--------+--------+--------+--------+-----+--------+

Top non-repeatable levels by time:
     D:6: 1448 daAuts
     D:4: 1189 daAuts
     D:3: 946 daAuts
     D:5: 858 daAuts
     D:9: 767 daAuts
    D:10: 717 daAuts
     D:2: 706 daAuts
     D:8: 631 daAuts
     D:1: 541 daAuts
     D:7: 535 daAuts
 Abyss:1: 48 daAuts
